 Dungeon Crawl Stone Soup version 0.27-a0-660-g90476cec82 (webtiles) character file.

Game seed: 15515684422368411583

2 robertstho the Skirmisher (level 1, -2/18 HPs)
             Began as a Formicid Abyssal Knight on Mar 16, 2021.
             Was an Initiate of Lugonu.
             Slain by a kobold
             ... wielding a +0 short sword
              (6 damage)
             ... on level 1 of the Dungeon.
             The game lasted 00:00:27 (161 turns).

robertstho the Skirmisher (Formicid Abyssal Knight)  Turns: 161, Time: 00:00:29

Health: -2/18      AC:  3    Str: 16    XL:     1   Next: 33%
Magic:  2/2        EV: 11    Int: 11    God:    Lugonu [......]
Gold:   0          SH:  0    Dex: 10    Spells: 0/0 levels left

rFire    . . .     SeeInvis +   a - +1 hand axe
rCold    . . .     Faith    .   (no shield)
rNeg     . . .     Spirit   .   b - +0 leather armour
rPois    .         Reflect  .   (helmet unavailable)
rElec    .         Harm     .   (no cloak)
rCorr    .         Rampage  .   (no gloves)
Will     .....                  (no boots)
Stlth    +.........             (no amulet)
HPRegen  0.06/turn              (no ring)
MPRegen  0.08/turn              (no ring)

@: no status effects
A: permanent stasis, dig shafts and tunnels, antennae 3, four strong arms
a: Dig, Shaft Self, Renounce Religion


You were on level 1 of the Dungeon.
You worshipped Lugonu.
Lugonu was noncommittal.
You visited 1 branch of the dungeon, and saw 1 of its levels.
You visited the Abyss 1 time.

Inventory:

Hand Weapons
 a - a +1 hand axe (weapon)
Armour
 b - a +0 leather armour (worn)
Jewellery
 d - an amulet of regeneration
Scrolls
 c - a scroll of teleportation {unknown}


   Skills:
 * Level 3.4 Fighting
 + Level 2.0 Axes
 * Level 2.1 Armour
 + Level 1.0 Dodging
 * Level 2.1 Invocations


You couldn't memorise any spells.
You didn't know any spells.
Your spell library was empty.

Dungeon Overview and Level Annotations

Branches:
Dungeon (1/15)

Altars:


Innate Abilities, Weirdness & Mutations

You cannot be hasted, slowed, berserked, paralysed or teleported.
You can dig through walls and to a lower floor.
You have a pair of large antennae on your head. (SInv)
Your four strong arms can wield two-handed weapons with a shield.


Message History

You slash the goblin!
You kill the goblin!
Lugonu accepts your kill.
No target in view!
No target in view!
c - a scroll labelled TISTAHINAZ
Things that are here:
a +0 club; a goblin corpse
d - an amulet of regeneration
Found a pair of boots.
A frilled lizard and a kobold come into view.
The kobold shouts!
Found 12 arrows.
There are monsters nearby!
There are monsters nearby!
The frilled lizard hisses angrily.
The kobold hits you with a +0 short sword.
You hit the kobold.
The kobold is moderately wounded.
You hit the frilled lizard but do no damage.
The frilled lizard barely misses you.
The kobold hits you with a +0 short sword.
You are too injured to fight recklessly!
You are too injured to fight recklessly!
You are too injured to fight recklessly!
You are too injured to fight recklessly!
You hit the kobold but do no damage.
The kobold is moderately wounded.
You hit the frilled lizard.
The kobold hits you with a +0 short sword.
* * * LOW HITPOINT WARNING * * *
The frilled lizard closely misses you.
You barely miss the kobold.
The kobold is moderately wounded.
You hit the frilled lizard.
You kill the frilled lizard!
Lugonu accepts your kill. The kobold misses you.
The kobold hits you with a +0 short sword.
You die...

#.###.#≈#)###.#
......#≈#.....#
..###.#≈#.###.#
....#.#≈#.#...##### ####
....###≈###.............
...............####.....
##..........#...#....# #
.####.####.........## #
.# # #.....@K....#
#.........(.# #
#...........# .+
##.........## ##
#........## #.#..[##?#
..#.#.# .# #....#.# .#


You could see a kobold.

Vanquished Creatures
  A goblin (D:1)
  A frilled lizard (D:1)
  A kobold (D:1)
3 creatures vanquished.

Notes
Turn   | Place    | Note
-------+----------+-------------------------------------------
     0 | Abyss:1  | robertstho the Formicid Abyssal Knight began the quest for
                  | the Orb.
     0 | Abyss:1  | Reached XP level 1. HP: 18/18 MP: 2/2
    47 | Abyss:1  | Noticed an iron imp
    71 | D:1      | Escaped the Abyss
   101 | D:1      | Reached skill level 1 in Dodging
   161 | D:1      | Slain by a kobold

Illustrated notes

Levels and vault maps discovered:
D:1:      evilmike_arrival_plus, layout_rooms, grunt_decor_cap

Skill      XL: |  1 |
---------------+----+-----
Dodging        | 1 |  1.0
Fighting       | |  3.4
Axes           | |  2.0
Armour         | |  2.1
Invocations    | |  2.1

Action                   || total
-------------------------++-------
Melee: Hand axe          ||     5
Invok: Depart the Abyss  ||     1
Dodge: Dodged            ||     3

Table legend: (Time is in decaauts)
 A = Elapsed time spent in this place.
 B = Non-inter-level travel time spent in this place.
 C = Inter-level travel time spent in this place.
 D = Time resting spent in this place.
 E = Time spent auto-exploring this place.
 F = Levels seen in this place.
 G = Mean time per level.
                   A        B        C        D        E       F      G
               +--------+--------+--------+--------+--------+-----+--------+
         Total |    161 |    161 |      0 |      0 |    113 |   2 |   80.5 |
       Dungeon |     90 |     90 |      0 |      0 |     66 |   1 |   90.0 |
         Abyss |     71 |     71 |      0 |      0 |     47 |   1 |   71.0 |
               +--------+--------+--------+--------+--------+-----+--------+

Top non-repeatable levels by time:
     D:1: 90 daAuts
 Abyss:1: 71 daAuts
